[Event "Early-Titled-Tuesday-Blitz-March-05-2024"]
[Site "Chess.com"]
[Date "2024.03.05"]
[Round "7"]
[White "vi_pranav"]
[Black "Kildepiotr"]
[Result "1/2-1/2"]
[WhiteElo "3051"]
[BlackElo "2689"]
[TimeControl "180+1"]
[EndTime "9:21:56 PST"]
[Termination "Game drawn by repetition"]

1. e4 e6 2. d3 c5 3. Nd2 Nc6 4. Ngf3 g6 5. g3 Bg7 6. Bg2 Nge7 7. O-O O-O 8. Re1 d6 9. Nc4 b5 10. Ne3 b4 11. a3 a5 12. axb4 cxb4 13. d4 d5 14. e5 Nf5 15. Ng4 h6 16. h4 Qb6 17.
c3 Qd8 18. Bf4 Kh7 19. Bf1 Ba6 20. Bxa6 Rxa6 21. Qd3 Rb6 22. h5 g5 23. Bd2 Kh8 24.
Ne3 Nxe3 25. Bxe3 f5 26. exf6 Qxf6 27. Nh2 Qf5 28. Qe2 bxc3 29. bxc3 Rb3 30. Rec1 Rfb8 31. Nf1 Rb2 32. Nd2 Rc2 33. Qa6 Rxc1+ 34. Rxc1 Ne7 35.
Qxa5 Qf7 36. Qc7 Rc8 37. Qd7 Rf8 38. Ra1 Nf5 39. Qxf7 Rxf7 40. Kg2 Nxe3+ 41. fxe3 g4 42. Nf1 Rc7 43. Ra3 Rb7 44. Ra2 Rc7 45. Rc2 e5 46. Nh2 exd4 47. exd4 Bxd4 48. Rd2 Bxc3 49. Rxd5 Rc4 50.
Rd8+ Kg7 51. Rd7+ Kf6 52. Rd6+ Kg5 53. Rd5+ Kf6 54. Nf1 Bd4 55. Nd2 Ke6 56. Rd8 Bf6 57. Re8+ Kf7 58. Nxc4 Kxe8 59. Ne3 Bg5 60. Nxg4 Kf7 61.
Kf3 Ke6 62. Ke4 Bc1 63. Ne5 Bd2 64. Nf3 Bc1 65. g4 Kf6 66. Nd4 Bd2 67. Kf3 Bc1 68.
Nf5 Bd2 69. Ng3 Bc1 70. Kg2 Kg5 71. Kf3 Kf6 72. Ne4+ Ke5 73. Nc5 Bd2 74. Nd3+ Kf6 75.
Nf2 Bc1 76. Nh3 Ke5 77. Ng1 Kf6 78. Ke4 Bd2 79. Nf3 Bc1 80. Kd5 Bf4 81. Kc6 Bc1 82. Kd7 Bf4 83. Ke8 Bd6 84. Kd7 Ba3 85.
Kc6 Bc1 86. Kd5 Bf4 87. Kc4 Bc1 88. Kd3 Bf4 89. Kc2 Be3 90. Kd3 Bf4 91. Ke4 Bc1 1/2-1/2

[Event "Early-Titled-Tuesday-Blitz-March-05-2024"]
[Site "Chess.com"]
[Date "2024.03.05"]
[Round "7"]
[White "Al_Shima"]
[Black "Predator0608"]
[Result "1-0"]
[WhiteElo "2445"]
[BlackElo "2537"]
[TimeControl "180+1"]
[EndTime "9:22:21 PST"]
[Termination "Al_Shima won by resignation"]

1. e4 c5 2. Nf3 d6 3. c3 Nf6 4. Be2 g6 5. O-O Bg7 6. Bb5+ Bd7 7. Bxd7+ Nbxd7 8. Re1 O-O 9. d4 cxd4 10. cxd4 e5 11. Nc3 a6 12. h3 Rc8 13. Bg5 h6 14. Be3 Kh7 15. Qd2 Qe7 16. Rad1 Rfd8 17. a3 exd4 18. Bxd4 Ne5 19. Qf4 Nh5 20. Qe3 Nf6 21. Nxe5 dxe5 22. Bb6 Rd7 23. Rxd7 Qxd7 24. Rd1 Qe6 25. Bc5 Bf8 26.
Bxf8 Rxf8 27. Qa7 Qc6 28. Qe3 Kg7 29. Kh2 Rc8 30. f3 Qe6 31. Rd2 Qb3 32. Qd3 Nh5 33. Qd6 Re8 34. Nd5 Re6 35. Qc7 Qb5 36. Rc2 Qd3 37. Qc3 Qd1 38. Qd2 Qf1 39. Qf2 Qb5 40. Qd2 Qf1 41. Qc3 Nf6 42. Nxf6 Kxf6 43. Rd2 Kg7 44.
Rd5 Qf2 45. Rxe5 Rxe5 46. Qxe5+ Kh7 47. Qf4 Kg7 48. Qe5+ Kh7 49. Qe7 Kg7 50. Qxb7 Qe3 51. Qb4 Qf4+ 52. Kg1 Qe3+ 53. Kf1 Qd3+ 54. Kf2 Qc2+ 55.
Kg3 Qc7+ 56. Kf2 Qc2+ 57. Kg3 Qc7+ 58. f4 Qd7 59. Qc3+ Kh7 60. Kf3 Qe7 61. Ke3 Qd7 62. Qd4 Qb5 63. Kf3 Qf1+ 64. Kg3 Qe1+ 65. Kh2 Qf1 66. Qf6 Kg8 67. Qh4 Kg7 68. Qg3 Qe2 69. f5 Qxe4 70. fxg6 fxg6 71. Qc7+ Kf6 72. Qd6+ Kf7 73.
Qd7+ Kg8 74. Qd8+ Kg7 75. Qc7+ Kg8 76. Qg3 h5 77. Qc3 h4 78. Kg1 Qb1+ 79. Kf2 Qf5+ 80.
Ke2 Qe4+ 81. Kf2 Qf5+ 82. Kg1 Qb1+ 83. Kh2 Qf5 84. Qb3+ Kh7 85. Qb7+ Kh6 86. Qb3 Qf4+ 87. Kg1 Qc1+ 88. Kf2 Qd2+ 89. Kf3 Qe1 90. Qe3+ Qxe3+ 91.
Kxe3 Kg5 92. b4 Kf5 93. a4 Ke5 94. b5 axb5 95. axb5 Kd6 96. Kf4 Kc5 97. Kg5 1-0

[Event "Early-Titled-Tuesday-Blitz-March-05-2024"]
[Site "Chess.com"]
[Date "2024.03.05"]
[Round "7"]
[White "NM_Antelacus"]
[Black "GeorgiosSouleidis"]
[Result "0-1"]
[WhiteElo "2281"]
[BlackElo "2659"]
[TimeControl "180+1"]
[EndTime "9:22:23 PST"]
[Termination "GeorgiosSouleidis won on time"]

1. e4 c5 2. c4 Nc6 3. g3 g6 4. Bg2 Bg7 5. Ne2 d6 6. O-O Nf6 7. Nbc3 O-O 8. d3 Ne8 9. f4 Nc7 10.
Nd5 Ne6 11. Be3 Ned4 12. Nxd4 Nxd4 13. Qd2 e6 14. Nc3 Bd7 15. Ne2 Rb8 16. Rab1 b5 17.
b3 Nxe2+ 18. Qxe2 a5 19. Qd2 Qb6 20. h3 Rfd8 21. Kh2 Bc6 22. f5 exf5 23. exf5 Bxg2 24. Qxg2 Qb7 25. f6 Qxg2+ 26. Kxg2 Bf8 27. g4 d5 28. Bf4 Bd6 29. cxb5 Rxb5 30. Rbe1 Kf8 31. Kf3 Bxf4 32. Kxf4 c4 33. dxc4 dxc4 34. bxc4 g5+ 35.
Kg3 Rb2 36. Rd1 Rc8 37. Rd5 Rxa2 38. c5 h6 39. Rfd1 Ra3+ 40. Kg2 Kg8 41. Rd8+ Rxd8 42. Rxd8+ Kh7 43. Ra8 a4 44. c6 Rc3 45. Rxa4 Rxc6 46. Ra5 Kg6 47. Kg3 Kxf6 48. Kg2 Kg6 49. Kg3 Rc3+ 50.
Kg2 f6 51. Rb5 h5 52. Ra5 h4 53. Rb5 Rg3+ 54. Kh2 Re3 55. Kg2 Kf7 56. Rb6 Re6 57. Rb7+ Re7 58. Rb6 Rc7 59. Ra6 Kg6 60. Ra5 Rc2+ 61.
Kg1 Rd2 62. Rb5 Re2 63. Ra5 Re5 64. Ra6 Kf7 65. Rb6 Ke7 66. Ra6 Re6 67. Ra5 Kd6 68.
Rb5 Kc6 69. Ra5 Kb6 70. Rd5 Kc6 71. Ra5 Kd6 72. Rb5 Re5 73. Rb6+ Ke7 74. Ra6 Re3 75. Kg2 Rd3 76. Rb6 Rd6 77. Rb7+ Ke6 78. Rb5 Rd5 79. Rb6+ Ke5 80. Rb8 Rd2+ 81. Kg1 Kf4 82. Rb3 Re2 83.
Ra3 Re3 84. Ra2 Rxh3 85. Rf2+ Kxg4 86. Rxf6 Ra3 87. Rb6 Ra2 88. Rb3 h3 89. Rc3 Kh4 90.
Rb3 g4 91. Rc3 Ra1+ 92. Kh2 Ra4 93. Rb3 Re4 94. Rc3 Re2+ 95. Kg1 Kg5 96. Rc4 Re5 97.
Rb4 Rf5 98. Ra4 Re5 99. Rb4 Kf5 100. Ra4 Re4 101. Ra5+ Kf4 102. Ra3 Re3 103. Ra2 Kf3 104. Rf2+ Kg3 105. Rg2+ Kf4 106. Rf2+ Rf3 107. Ra2 Rc3 108. Rb2 Ke3 109. Ra2 Kd3 110. Rb2 Rc1+ 111. Kh2 Rc2+ 0-1

[Event "Early-Titled-Tuesday-Blitz-March-05-2024"]
[Site "Chess.com"]
[Date "2024.03.05"]
[Round "7"]
[White "amylazy"]
[Black "andrzej"]
[Result "1-0"]
[WhiteElo "2421"]
[BlackElo "2533"]
[TimeControl "180+1"]
[EndTime "9:22:40 PST"]
[Termination "amylazy won by checkmate"]

1. d4 d5 2. Nf3 Nf6 3. Bf4 c5 4. e3 Nc6 5. c3 Qb6 6. Qc2 Nh5 7. Bg5 h6 8. Bh4 g5 9. Bg3 Nxg3 10. hxg3 Bg7 11. Nbd2 Bd7 12. Nb3 cxd4 13. exd4 Rc8 14. Nc5 e6 15. Qb3 Qxb3 16. axb3 b6 17. Nxd7 Kxd7 18.
Bb5 Rc7 19. Kd2 Kd6 20. g4 Ne7 21. Rhe1 Ng6 22. g3 a5 23. Bd3 Ne7 24. Ra4 Rb8 25.
b4 axb4 26. Rxb4 Nc6 27. Ra4 Ra7 28. Rxa7 Nxa7 29. Ra1 Nc6 30. Ra6 Kc7 31. Bb5 Nd8 32. Ne1 Bf8 33. Nd3 Bd6 34. Ra7+ Rb7 35. Ra8 Rb8 36. Ra7+ Rb7 37. Ra6 f6 38. Ra1 Kb8 39.
Rh1 Rh7 40. Nc1 Nb7 41. Bd3 Rh8 42. Ne2 Bc7 43. Ra1 Nd6 44. f3 Kb7 45. b3 Ra8 46. Rh1 Rh8 47. c4 dxc4 48. bxc4 Nf7 49. Be4+ Kc8 50.
Ra1 Kd7 51. Nc3 h5 52. Ra7 hxg4 53. Nb5 Rc8 54. fxg4 Kd8 55. Bb7 Rb8 56. Bc6 Rc8 57. Kd3 Nh6 58. Bf3 Bxg3 59. Rh7 Ng8 60. Rh8 Ke7 61.
Na7 Rf8 62. Nc6+ Kf7 63. Rh7+ Kg6 64. Rh3 Bf4 65. Be4+ f5 66. gxf5+ exf5 67. Bd5 Nf6 68. Be6 g4 69. Rh1 Re8 70. d5 g3 71. Nd4 Ng4 72. Bxf5+ Kg5 73. Rh7 Nf6 74. Rg7+ Kh4 75. Rh7+ Kg5 76.
Rg7+ Kh6 77. Rg6+ Kh5 78. Rxf6 g2 79. Rg6 Re3+ 80. Kc2 Rg3 81. Rxg3 Bxg3 82. Nf3 Bf2 83. d6 Bc5 84. d7 Be7 85. Ng1 Kh4 86. Ne2 Kg5 87.
Be4 Kg4 88. Bxg2 Kf5 89. Bc6 Ke6 90. Nd4+ Kd6 91. Kd3 Kc7 92. Ke4 Bc5 93. Kd5 Kd8 94. Ne6+ Ke7 95. Nxc5 bxc5 96. Kxc5 Kd8 97. Kb6 Ke7 98.
Kc7 Ke6 99. d8=Q Ke5 100. Qd5+ Kf4 101. Kd6 Kg4 102. Bd7+ Kh4 103. c5 Kg3 104. c6 Kh2 105. c7 Kg1 106. c8=Q Kh2 107. Qc2+ Kg3 108. Qdd3+ Kh4 109. Qh2+ Kg5 110. Qf5# 1-0

[Event "Early-Titled-Tuesday-Blitz-March-05-2024"]
[Site "Chess.com"]
[Date "2024.03.05"]
[Round "8"]
[White "orkinyo12345"]
[Black "ritanovikova"]
[Result "0-1"]
[WhiteElo "2484"]
[BlackElo "2184"]
[TimeControl "180+1"]
[EndTime "9:24:35 PST"]
[Termination "ritanovikova won by resignation"]

1. c4 g6 2. Nc3 Bg7 3. g3 d6 4. Bg2 c5 5. Nf3 Nc6 6. O-O Nf6 7. d4 cxd4 8. Nxd4 Nxd4 9. Qxd4 O-O 10. b3 Nd5 11.
Bb2 Bxd4 0-1

[Event "Early-Titled-Tuesday-Blitz-March-05-2024"]
[Site "Chess.com"]
[Date "2024.03.05"]
[Round "8"]
[White "nihalsarin"]
[Black "Chopper1905"]
[Result "0-1"]
[WhiteElo "3173"]
[BlackElo "2969"]
[TimeControl "180+1"]
[EndTime "9:24:36 PST"]
[Termination "Chopper1905 won by resignation"]

1. g3 d5 2. Bg2 e5 3. d3 Nf6 4.
Bg5 c6 5. Nf3 Bd6 6. O-O h6 7. Bxf6 Qxf6 8. Nfd2 h5 9. c4 h4 10.
cxd5 hxg3 11. fxg3 Bc5+ 0-1

[Event "Early-Titled-Tuesday-Blitz-March-05-2024"]
[Site "Chess.com"]
[Date "2024.03.05"]
[Round "8"]
[White "manitodeplomo"]
[Black "dosto07"]
[Result "1-0"]
[WhiteElo "2707"]
[BlackElo "2559"]
[TimeControl "180+1"]
[EndTime "9:24:42 PST"]
[Termination "manitodeplomo won by resignation"]

1. d4 d5 2. c4 dxc4 3. Nf3 Nf6 4. e3 e6 5. Bxc4 c5 6. Nc3 a6 7.
O-O b5 8. Bb3 Bb7 9. Re1 cxd4 10.
exd4 Be7 11. Bg5 Nbd7 12. d5 exd5 13. Nxd5 Nxd5 14. Bxd5 Bxd5 15. Bxe7 1-0

[Event "Early-Titled-Tuesday-Blitz-March-05-2024"]
[Site "Chess.com"]
[Date "2024.03.05"]
[Round "8"]
[White "ZuraTqebuchava"]
[Black "Eloist"]
[Result "1-0"]
[WhiteElo "2263"]
[BlackElo "2418"]
[TimeControl "180+1"]
[EndTime "9:25:22 PST"]
[Termination "ZuraTqebuchava won by resignation"]

1. e4 e6 2. d4 d5 3. exd5 exd5 4. Bd3 Bd6 5. h3 Nc6 6. c3 Nge7 7. Nf3 Bf5 8. O-O O-O 9. Re1 Qd7 10. Bxf5 Qxf5 11.
Nbd2 Rae8 12. Nf1 Ng6 13. Be3 Nf4 14. Bxf4 Bxf4 15. Qb3 Na5 16. Qb5 b6 17. Rxe8 c6 18. Rxf8+ 1-0

[Event "Early-Titled-Tuesday-Blitz-March-05-2024"]
[Site "Chess.com"]
[Date "2024.03.05"]
[Round "8"]
[White "McCarthyStone"]
[Black "Yushko_Olga"]
[Result "1-0"]
[WhiteElo "2364"]
[BlackElo "2185"]
[TimeControl "180+1"]
[EndTime "9:26:10 PST"]
[Termination "McCarthyStone won by resignation"]

1. b3 e6 2. Bb2 d5 3. e4 dxe4 4. Nc3 Nf6 5. g4 h6 6. Bg2 e3 7. fxe3 Nd5 8. Nxd5 Qh4+ 9. Kf1 exd5 10. h3 c6 11. Qf3 Bb4 12. Bxg7 Rg8 13. Bf6 Bxg4 14. hxg4 Qxg4 15. Qxg4 Rxg4 16. Rxh6 Kd7 17. Bh3 1-0

[Event "Early-Titled-Tuesday-Blitz-March-05-2024"]
[Site "Chess.com"]
[Date "2024.03.05"]
[Round "8"]
[White "GWR2024"]
[Black "abc_xyz4744"]
[Result "1-0"]
[WhiteElo "2166"]
[BlackElo "2411"]
[TimeControl "180+1"]
[EndTime "9:26:15 PST"]
[Termination "GWR2024 won by resignation"]

1. e4 c5 2. Nc3 Nc6 3. f4 g6 4.
Nf3 Bg7 5. a3 e6 6. b4 cxb4 7.
axb4 Nxb4 8. Ba3 a5 9. Bxb4 axb4 10. Rxa8 bxc3 11. d4 Nf6 12. Bd3 d5 13. e5 Nd7 14.
O-O Nb6 15. Bb5+ Ke7 16. Qa1 Nxa8 17. Qa3+ 1-0

[Event "Early-Titled-Tuesday-Blitz-March-05-2024"]
[Site "Chess.com"]
[Date "2024.03.05"]
[Round "8"]
[White "Louis-Paulsen-Fan"]
[Black "Miguelito"]
[Result "0-1"]
[WhiteElo "2250"]
[BlackElo "2806"]
[TimeControl "180+1"]
[EndTime "9:26:32 PST"]
[Termination "Miguelito won by resignation"]

1. d4 c6 2. Nf3 d5 3. c4 Nf6 4. Nc3 e6 5. Bg5 h6 6. Bh4 g5 7. Bg3 Ne4 8. e3 Qa5 9. Qc2 Bb4 10. Rc1 Qxa2 11. Bd3 Bxc3+ 12. bxc3 Qxc2 13. Rxc2 Nxg3 14.
hxg3 f6 15. cxd5 cxd5 16. e4 Nc6 17. exd5 exd5 18. O-O Ke7 19. Re1+ Kd6 20. c4 dxc4 21. Bxc4 Bf5 22. d5 Bxc2 23. dxc6 bxc6 24. Re6+ Kc5 25. Be2 Rhe8 0-1

[Event "Early-Titled-Tuesday-Blitz-March-05-2024"]
[Site "Chess.com"]
[Date "2024.03.05"]
[Round "8"]
[White "Msb2"]
[Black "stolencandy13"]
[Result "0-1"]
[WhiteElo "2993"]
[BlackElo "2697"]
[TimeControl "180+1"]
[EndTime "9:26:36 PST"]
[Termination "stolencandy13 won by checkmate"]

1. d4 Nf6 2. c4 c5 3. d5 e6 4. Nc3 exd5 5. cxd5 d6 6. e4 g6 7. h3 Bg7 8. Nf3 a6 9. a4 Nbd7 10. Bd3 Nh5 11. O-O Ne5 12. Be2 Nxf3+ 13. Bxf3 Qh4 14. Bxh5 gxh5 15. Be3 Rg8 16. Qf3 Be5 17. Kh1 Bg4 18. Qf4 Bxf4 19. Bxf4 Bf3 20. Rg1 Qxh3+ 21. Bh2 Rxg2 22. Rxg2 Qxg2# 0-1

[Event "Early-Titled-Tuesday-Blitz-March-05-2024"]
[Site "Chess.com"]
[Date "2024.03.05"]
[Round "8"]
[White "Kapitan_Bayan"]
[Black "FischerKasparow"]
[Result "1-0"]
[WhiteElo "2284"]
[BlackElo "2073"]
[TimeControl "180+1"]
[EndTime "9:26:51 PST"]
[Termination "Kapitan_Bayan won by resignation"]

1. e4 c5 2. Nf3 d6 3. d3 Nf6 4. c4 g6 5. Nc3 Bg7 6. Be3 O-O 7. Be2 Nc6 8. d4 cxd4 9. Nxd4 Nxd4 10. Bxd4 Be6 11. Rc1 Nd7 12. Be3 Rc8 13. b3 Qa5 14. Qd2 a6 15. O-O b5 16. Nd5 Bxd5 17. Qxa5 Bxe4 18. cxb5 axb5 19. Qxb5 Nf6 20. f3 Bf5 21. Rxc8 Rxc8 22. Rc1 Ra8 23. a4 h5 24. Qb7 Ra5 25. Bb5 Be6 26. b4 Bd5 27. Qb8+ Kh7 28. bxa5 1-0

[Event "Early-Titled-Tuesday-Blitz-March-05-2024"]
[Site "Chess.com"]
[Date "2024.03.05"]
[Round "8"]
[White "ChessFanNM"]
[Black "KhazhatulyAlikhan"]
[Result "0-1"]
[WhiteElo "2253"]
[BlackElo "2437"]
[TimeControl "180+1"]
[EndTime "9:26:58 PST"]
[Termination "KhazhatulyAlikhan won by resignation"]

1. Nf3 Nf6 2. c4 e6 3. b3 d5 4. e3 Be7 5. Bb2 O-O 6. d4 b6 7. Bd3 Bb7 8. O-O Nbd7 9. Qe2 Rc8 10. Nc3 c5 11. Rfd1 dxc4 12. bxc4 Qc7 13. Rac1 Rfd8 14. h4 h6 15. a4 Qb8 16. e4 cxd4 17. Nxd4 Nc5 18.
Bb1 Rxd4 19. Rxd4 Nb3 20. Rcd1 Nxd4 21. Rxd4 Bc5 22. Rd1 Qf4 23. Bc1 Qxh4 24. e5 Ng4 25.
Bf4 Bxf2+ 0-1

[Event "Early-Titled-Tuesday-Blitz-March-05-2024"]
[Site "Chess.com"]
[Date "2024.03.05"]
[Round "8"]
[White "xamax2000"]
[Black "AlexTruskavetsky"]
[Result "0-1"]
[WhiteElo "2909"]
[BlackElo "2712"]
[TimeControl "180+1"]
[EndTime "9:27:04 PST"]
[Termination "AlexTruskavetsky won by resignation"]

1. Nf3 Nf6 2. c4 e6 3. Nc3 d5 4. d4 dxc4 5. e4 b5 6. e5 Nd5 7.
Nxb5 Nb6 8. Be2 Be7 9. Be3 Bb7 10. Rc1 O-O 11. O-O N8d7 12. Nd2 a6 13. Na3 Bxa3 14. bxa3 Qe7 15. Nxc4 Nxc4 16. Rxc4 Nb6 17. Rc5 Nd5 18. Qc1 f6 19. exf6 Qxf6 20. Bd3 Rad8 21.
Bg5 Qxd4 22. Bxd8 Qxd3 23. Bxc7 Nxc7 24. Rxc7 Bxg2 25. Rd1 Qg6 26. Rdd7 Bc6+ 27. Kf1 Qg2+ 0-1

[Event "Early-Titled-Tuesday-Blitz-March-05-2024"]
[Site "Chess.com"]
[Date "2024.03.05"]
[Round "8"]
[White "SharapovEvgeny"]
[Black "LileKoridze"]
[Result "1-0"]
[WhiteElo "2551"]
[BlackElo "2437"]
[TimeControl "180+1"]
[EndTime "9:27:13 PST"]
[Termination "SharapovEvgeny won by resignation"]

1. e4 c5 2. Nf3 d6 3. d4 cxd4 4. Nxd4 Nf6 5. f3 a6 6. c4 e5 7.
Nc2 Be7 8. Nc3 Be6 9. Be3 Nbd7 10. Be2 Rc8 11. Nd5 O-O 12. O-O Bxd5 13. cxd5 b5 14. Nb4 Nb8 15. a4 Qa5 16. Qb3 bxa4 17. Rxa4 Qc7 18.
Nxa6 Nxa6 19. Rxa6 Nd7 20. Ra7 Qd8 21. Qb7 Bg5 22.
Bf2 Nc5 23. Qb4 Rb8 24. Qc3 Rc8 25. Qa3 Qb6 26. b4 1-0

[Event "Early-Titled-Tuesday-Blitz-March-05-2024"]
[Site "Chess.com"]
[Date "2024.03.05"]
[Round "8"]
[White "ckgchess"]
[Black "BardArtem"]
[Result "1-0"]
[WhiteElo "2913"]
[BlackElo "2736"]
[TimeControl "180+1"]
[EndTime "9:27:16 PST"]
[Termination "ckgchess won by resignation"]

1. e4 d5 2. exd5 Qxd5 3. Nc3 Qe5+ 4. Be2 Bg4 5. d4 Bxe2 6. Ngxe2 Qa5 7. O-O Nf6 8. b4 Qxb4 9. Qd3 Qd6 10. Rb1 Qa6 11. Nb5 Qc6 12. d5 Qd7 13. Bf4 Na6 14. c4 g6 15.
Rfe1 Bg7 16. Nxc7+ Nxc7 17. Rxb7 Nfxd5 18. cxd5 Qxd5 19. Qb1 Ne6 20. Rd1 Qa5 21. Rb8+ Rxb8 22. Qxb8+ Nd8 23. Bc7 1-0

[Event "Early-Titled-Tuesday-Blitz-March-05-2024"]
[Site "Chess.com"]
[Date "2024.03.05"]
[Round "8"]
[White "MarijaKuznecova"]
[Black "VinzentSpitzl"]
[Result "0-1"]
[WhiteElo "2360"]
[BlackElo "2534"]
[TimeControl "180+1"]
[EndTime "9:27:18 PST"]
[Termination "VinzentSpitzl won by resignation"]

1. e4 c5 2. Nf3 d6 3. d4 cxd4 4.
Nxd4 Nf6 5. Nc3 a6 6. Qd3 Nbd7 7. a4 e6 8. f3 Be7 9. Be2 Nc5 10. Qe3 O-O 11. b4 Ncd7 12. Ba3 Qc7 13. O-O Ne5 14. f4 Nc4 15. Bxc4 Qxc4 16. Nce2 b5 17. a5 Bb7 18. Ng3 Rac8 19. h3 Rfe8 20. Rfe1 Bf8 21. Rad1 e5 22. Ndf5 Qxc2 23. Nxd6 Bxd6 24. Rxd6 Rc3 25.
Qb6 Rxg3 0-1

[Event "Early-Titled-Tuesday-Blitz-March-05-2024"]
[Site "Chess.com"]
[Date "2024.03.05"]
[Round "8"]
[White "ChessSwole"]
[Black "kleinebeer98"]
[Result "1-0"]
[WhiteElo "2731"]
[BlackElo "2885"]
[TimeControl "180+1"]
[EndTime "9:27:21 PST"]
[Termination "ChessSwole won by checkmate"]

1. d4 Nf6 2. c4 a6 3. Nf3 b5 4. b3 bxc4 5. bxc4 g6 6. e3 Bg7 7. Be2 c5 8. O-O cxd4 9. exd4 O-O 10. Bb2 Nc6 11. d5 Na5 12. Nbd2 d6 13. h3 Bd7 14. Nd4 Rb8 15. Bc3 Qc7 16. Rc1 Rfc8 17. N2b3 Nxc4 18. Ba1 Bb5 19. a4 Nxd5 20. axb5 axb5 21.
Nxb5 Nc3 22. Bxc3 Rxb5 23. Bxg7 d5 24. Ba1 Rcb8 25. Nd4 Ra5 26. Bxc4 dxc4 27. Bc3 Ra3 28. Nf3 Rd8 29. Qe1 f6 30. Qe6+ Kg7 31. Ng5 Rd6 32.
Qf7+ Kh6 33. Ne6 Qc6 34. Qg7+ Kh5 35. Qxh7# 1-0

[Event "Early-Titled-Tuesday-Blitz-March-05-2024"]
[Site "Chess.com"]
[Date "2024.03.05"]
[Round "8"]
[White "Statham_01"]
[Black "Szparu"]
[Result "0-1"]
[WhiteElo "2550"]
[BlackElo "2783"]
[TimeControl "180+1"]
[EndTime "9:27:25 PST"]
[Termination "Szparu won by resignation"]

1. e4 c5 2. Nf3 a6 3. c3 e6 4. d4 d5 5. exd5 exd5 6. Bd3 Nc6 7. O-O cxd4 8. Nxd4 Nf6 9. Bg5 Be7 10. Nf5 Bxf5 11. Bxf5 O-O 12. Nd2 h6 13. Be3 Bd6 14. Nf3 Qc7 15. h3 Rfe8 16. Nd4 Ne5 17. Bc2 Nc4 18.
Nf5 Nxe3 19. fxe3 Be5 20. Qf3 h5 21. Rad1 g6 22. Nd4 Re7 23. Rde1 Rae8 24. Bb3 Qd6 25. Kh1 Kg7 26. Kg1 Bh2+ 27. Kh1 Bg3 28. Re2 h4 29.
Rd1 b5 30. Nc2 Re5 31. Nd4 Ne4 32. Rf1 f5 33. a4 Ng5 34. Nxf5+ Rxf5 0-1

[Event "Early-Titled-Tuesday-Blitz-March-05-2024"]
[Site "Chess.com"]
[Date "2024.03.05"]
[Round "8"]
[White "TimGrutter03"]
[Black "Chessdreamer2020"]
[Result "1-0"]
[WhiteElo "2629"]
[BlackElo "2517"]
[TimeControl "180+1"]
[EndTime "9:27:26 PST"]
[Termination "TimGrutter03 won by resignation"]

1. e4 d6 2. d4 Nf6 3. Nc3 c6 4. h3 e5 5. Nf3 Nbd7 6. g4 Be7 7. g5 Ng8 8. h4 h6 9. Rg1 hxg5 10. Bxg5 Ngf6 11.
Qd2 Qa5 12. O-O-O b5 13. a3 Bb7 14. Kb1 O-O-O 15. Bh3 Kb8 16. Bxf6 gxf6 17. Bxd7 exd4 18. Nxd4 Rxd7 19. Nf5 Bf8 20. h5 Rxh5 21. Rg8 Rd8 22. Rxf8 Rxf8 23. Qxd6+ Qc7 24. Qxf8+ Bc8 25. Rd8 Kb7 26. Rxc8 1-0

[Event "Early-Titled-Tuesday-Blitz-March-05-2024"]
[Site "Chess.com"]
[Date "2024.03.05"]
[Round "8"]
[White "DuleMudule"]
[Black "mishanick"]
[Result "0-1"]
[WhiteElo "2868"]
[BlackElo "3075"]
[TimeControl "180+1"]
[EndTime "9:27:33 PST"]
[Termination "mishanick won by resignation"]

1. d4 Nf6 2. Bg5 Ne4 3. h4 c5 4. dxc5 Nxc5 5. Nc3 Nc6 6. Be3 e6 7. Nf3 d5 8. g3 Qa5 9. Qd2 Be7 10. Bg2 O-O 11.
O-O Rd8 12. Nd4 Qc7 13. f4 Bd7 14. Rad1 Be8 15. Qe1 Nxd4 16. Bxd4 Na4 17. e4 Nxb2 18. Nxd5 exd5 19. Bxb2 dxe4 20. Qxe4 Bc6 21. Qe5 Qb6+ 0-1

[Event "Early-Titled-Tuesday-Blitz-March-05-2024"]
[Site "Chess.com"]
[Date "2024.03.05"]
[Round "8"]
[White "Shahdad2007"]
[Black "ansko1999"]
[Result "1-0"]
[WhiteElo "2576"]
[BlackElo "2704"]
[TimeControl "180+1"]
[EndTime "9:27:35 PST"]
[Termination "Shahdad2007 won by resignation"]

1. Nf3 b6 2. g3 Bb7 3. Bg2 Nf6 4. O-O g6 5. c4 Bg7 6. Nc3 O-O 7. b3 c5 8. Bb2 d6 9. d4 cxd4 10. Qxd4 Ne4 11.
Qd3 Nc5 12. Qc2 Nc6 13. Rad1 Nb4 14. Qb1 a5 15. Nb5 Be4 16. Qa1 Bxb2 17. Qxb2 Qc8 18.
h4 Qb7 19. h5 Rfd8 20. h6 f6 21. a3 Nc6 22. Nc3 Bxf3 23. Bxf3 Qc8 24. Nd5 Rb8 25. Nxf6+ exf6 26. Qxf6 Rd7 27. Bd5+ 1-0

[Event "Early-Titled-Tuesday-Blitz-March-05-2024"]
[Site "Chess.com"]
[Date "2024.03.05"]
[Round "8"]
[White "erlesfar"]
[Black "ChessBliss09"]
[Result "0-1"]
[WhiteElo "2358"]
[BlackElo "2208"]
[TimeControl "180+1"]
[EndTime "9:27:38 PST"]
[Termination "ChessBliss09 won by resignation"]

1. e4 e5 2. Nf3 Nc6 3. Bc4 Bc5 4. O-O Nf6 5. c3 d6 6. d4 Bb6 7. dxe5 Nxe5 8. Nxe5 dxe5 9. Bg5 Qe7 10. Bxf6 Qxf6 11. Nd2 O-O 12. h3 Rd8 13. Qe2 Qf4 14. Nf3 Bxh3 15. gxh3 Qg3+ 16. Kh1 Qxh3+ 17. Nh2 Rd6 18. Rg1 Rh6 19. Rg2 Re8 20. Rag1 g6 21. Qd2 Kg7 22. Qd7 Qxd7 0-1

[Event "Early-Titled-Tuesday-Blitz-March-05-2024"]
[Site "Chess.com"]
[Date "2024.03.05"]
[Round "8"]
[White "Hamisandwich"]
[Black "ActorXu"]
[Result "1/2-1/2"]
[WhiteElo "2645"]
[BlackElo "2849"]
[TimeControl "180+1"]
[EndTime "9:27:42 PST"]
[Termination "Game drawn by repetition"]

1. Nf3 d5 2. c4 e6 3. g3 Nf6 4. Bg2 Be7 5. O-O O-O 6. b3 c5 7.
cxd5 Nxd5 8. Bb2 Nc6 9. Nc3 Bf6 10. Qc1 Nxc3 11. Bxc3 Nd4 12. Re1 Bd7 13. e3 Nxf3+ 14.
Bxf3 Rb8 15. Qb2 Bxc3 16. Qxc3 b6 17. Rac1 Rc8 18. Bg2 Bc6 19. Bxc6 Rxc6 20. d4 Rc8 21. Red1 cxd4 22. Qxc8 Qxc8 23. Rxc8 Rxc8 24. Rxd4 g6 25. Rd7 a5 26. Rd6 Rb8 27. a4 Kf8 28. Rd7 Rc8 29. Rd6 Rb8 30. Rd7 Rc8 31. Rd6 Rb8 1/2-1/2

[Event "Early-Titled-Tuesday-Blitz-March-05-2024"]
[Site "Chess.com"]
[Date "2024.03.05"]
[Round "8"]
[White "mbchess97"]
[Black "Doublekk14"]
[Result "1-0"]
[WhiteElo "2506"]
[BlackElo "2357"]
[TimeControl "180+1"]
[EndTime "9:27:42 PST"]
[Termination "mbchess97 won by resignation"]

1. c4 e6 2. g3 Nf6 3. Bg2 d5 4. Nf3 c5 5. O-O Nc6 6. cxd5 exd5 7. d4 h6 8. a3 a5 9. Nc3 Be7 10. dxc5 Bxc5 11. Bf4 g5 12. Be5 Nxe5 13. Nxe5 Be6 14. Rc1 Bd6 15. Nf3 O-O 16. Nb5 Qd7 17. Nxd6 Qxd6 18.
Nd4 Qe5 19. Qd3 Ne4 20. Nxe6 Qc7 21. Nxc7 1-0

[Event "Early-Titled-Tuesday-Blitz-March-05-2024"]
[Site "Chess.com"]
[Date "2024.03.05"]
[Round "8"]
[White "DarZay"]
[Black "The_Straightforward_Rook"]
[Result "0-1"]
[WhiteElo "2334"]
[BlackElo "2474"]
[TimeControl "180+1"]
[EndTime "9:27:44 PST"]
[Termination "The_Straightforward_Rook won by resignation"]

1. e4 c6 2. d4 d5 3. Nc3 dxe4 4. Nxe4 Nf6 5. Nxf6+ exf6 6. Nf3 Bd6 7. Bd3 O-O 8. c3 Re8+ 9. Be3 Nd7 10. Qc2 Nf8 11. O-O-O a5 12. h3 a4 13. g4 Qa5 14. Rdg1 Be6 15.
a3 Bd5 16. Be2 Qc7 17. g5 fxg5 18. Rxg5 Bf4 19. Rg4 Bxe3+ 20. fxe3 Rxe3 21. Rhg1 Ng6 22. Ne5 Rxe5 23. dxe5 Qxe5 24. Bd3 b5 25. h4 Re8 26. h5 Qxh5 27. Rg5 Qf3 28. Qd2 Re3 29. Bxb5 h6 30.
R5g3 Qxg3 31. Rxg3 Rxg3 32. Bxa4 Rg1+ 33. Kc2 Rg2 34.
Qxg2 Bxg2 35. b4 h5 36. c4 h4 37. b5 cxb5 38. cxb5 h3 0-1

[Event "Early-Titled-Tuesday-Blitz-March-05-2024"]
[Site "Chess.com"]
[Date "2024.03.05"]
[Round "8"]
[White "Mikhail_Golubev"]
[Black "ATM622"]
[Result "1-0"]
[WhiteElo "2667"]
[BlackElo "2531"]
[TimeControl "180+1"]
[EndTime "9:27:49 PST"]
[Termination "Mikhail_Golubev won by resignation"]

1. e4 c6 2. d4 d5 3. Nc3 dxe4 4. Nxe4 g6 5. Nf3 Bg7 6. h3 Nf6 7. Nxf6+ exf6 8. Bc4 f5 9. O-O O-O 10. Bf4 b5 11. Bb3 a5 12. a4 b4 13. Re1 Na6 14. Bg5 Qb6 15. Be7 Re8 16. Ng5 Be6 17. Nxe6 Rxe7 18.
Nxg7 Rxe1+ 19. Qxe1 Kxg7 20. Qe5+ Kg8 21. Qf6 Rf8 22. Re1 c5 23. Bxf7+ Rxf7 24. Re8+ 1-0